 Dungeon Crawl Stone Soup version 0.27-a0-660-g90476cec82 (webtiles) character file.

Game seed: 5810828929131415484

108 theanonym the Chopper (level 4, 0/40 HPs)
             Began as a Minotaur Fighter on Mar 16, 2021.
             Slain by a hobgoblin
             ... wielding a +0 club
             ... led by Robin
              (3 damage)
             ... on level 2 of the Dungeon.
             The game lasted 00:02:52 (1856 turns).

theanonym the Chopper (Minotaur Fighter)            Turns: 1856, Time: 00:02:53

Health: 0/40       AC:  9    Str: 21    XL:     4   Next: 58%
Magic:  3/3        EV:  5    Int:  5    God:
Gold:   139        SH:  9    Dex: 10    Spells: 3/3 levels left

rFire    . . .     SeeInvis .   a - +0 war axe
rCold    . . .     Faith    .   c - +0 kite shield
rNeg     . . .     Spirit   .   l - +0 chain mail
rPois    .         Reflect  .   (helmet restricted)
rElec    .         Harm     .   (no cloak)
rCorr    .         Rampage  .   (no gloves)
Will     .....                  (no boots)
Stlth    ..........             (no amulet)
HPRegen  0.13/turn              (no ring)
MPRegen  0.08/turn              (no ring)

@: no status effects
A: horns 2, retaliatory headbutt
a: no special abilities


Innate Abilities, Weirdness & Mutations

You have a pair of horns on your head.
You reflexively headbutt those who attack you in melee.


   Skills:
 - Level 3.9 Fighting
 + Level 5.3 Axes
 - Level 3.9 Armour
 - Level 3.9 Shields


You had 3 spell levels left.
You didn't know any spells.
Your spell library was empty.

Skill      XL: |  1  2  3  4 |
---------------+-------------+-----
Axes           | 3 4 5 |  5.3
Fighting       | |  3.9
Armour         | |  3.9
Shields        | |  3.9

Action                   |  1- 3 |  4- 6 || total
-------------------------+-------+-------++-------
Melee: War axe           |    58 |    58 ||   116
       Headbutt          |     7 |     8 ||    15
Armor: Scale mail        |    20 |       ||    20
       Chain mail        |     6 |    32 ||    38
Dodge: Dodged            |     9 |    10 ||    19
Block: Kite shield       |    37 |    26 ||    63

Inventory:

Hand Weapons
 a - a +0 war axe (weapon)
Armour
 c - a +0 kite shield (worn)
 l - a +0 chain mail (worn)
Scrolls
 d - 2 scrolls of magic mapping {unknown}
 f - a scroll of blinking {unknown}
 h - a scroll of fear {unknown}
 j - 3 scrolls of identify {unknown}
Potions
 b - 2 potions of curing {unknown}
 e - 3 potions of ambrosia {unknown}
 g - 2 potions of lignification {unknown}
 i - 2 potions of heal wounds {unknown}
 k - 3 potions of berserk rage {unknown}
 m - a potion of might
 n - a potion of flight {unknown}


You were on level 2 of the Dungeon.
You visited 1 branch of the dungeon, and saw 2 of its levels.

You collected 139 gold pieces.

Dungeon Overview and Level Annotations

Branches:
Dungeon (2/15)

Altars:
Elyvilon

Annotations:
D:2 Robin

###....####.#######
#.................##
#...................
#...................
#...†...###.######..
#.......# ### #..
#.......# #..
#.......# ###
###@##### # #g# # #
##g####.... #
#.....g.gg. #
#......g..g #
#........g. +
#..(...gg.. #
#.......... #
#......>...


You could see Robin and a hobgoblin (strong).

Notes
Turn   | Place    | Note
-------+----------+-------------------------------------------
     0 | D:1      | theanonym the Minotaur Fighter began the quest for the Orb.
     0 | D:1      | Reached XP level 1. HP: 19/19 MP: 0/0
   202 | D:1      | Reached XP level 2. HP: 27/27 MP: 1/1
   371 | D:1      | Reached skill level 3 in Axes
  1102 | D:2      | Reached XP level 3. HP: 23/33 MP: 2/2
  1105 | D:2      | HP: 14/33 [gnoll/+0 spear (5)]
  1111 | D:1      | HP: 12/33 [gnoll/+0 club (3)]
  1355 | D:2      | Reached skill level 4 in Axes
  1504 | D:2      | Reached XP level 4. HP: 38/40 MP: 3/3
  1745 | D:2      | Reached skill level 5 in Axes
  1776 | D:2      | Found a white marble altar of Elyvilon.
  1826 | D:2      | Noticed Robin
  1843 | D:2      | HP: 20/40 [bat (1)]
  1852 | D:2      | HP: 10/40 [hobgoblin/+0 club[Robin] (7)]
  1856 | D:2      | HP: 3/40 [hobgoblin/+0 club[Robin] (4)]
  1856 | D:2      | Slain by a hobgoblin

Vanquished Creatures
  4 gnolls
  An adder (D:2)
  2 worms (D:2)
  2 dart slugs (D:1)
  4 giant cockroaches
  6 goblins
  11 hobgoblins
  4 jackals (D:1)
  5 kobolds
  3 bats
  3 frilled lizards
  3 rats
48 creatures vanquished.

Table legend: (Time is in decaauts)
 A = Elapsed time spent in this place.
 B = Non-inter-level travel time spent in this place.
 C = Inter-level travel time spent in this place.
 D = Time resting spent in this place.
 E = Time spent auto-exploring this place.
 F = Levels seen in this place.
 G = Mean time per level.
                   A        B        C        D        E       F      G
               +--------+--------+--------+--------+--------+-----+--------+
         Total |   1916 |   1864 |     52 |    186 |   1405 |   2 |  958.0 |
       Dungeon |   1916 |   1864 |     52 |    186 |   1405 |   2 |  958.0 |
               +--------+--------+--------+--------+--------+-----+--------+

Top non-repeatable levels by time:
     D:1: 1358 daAuts
     D:2: 558 daAuts
